 Dungeon Crawl Stone Soup version 0.27-a0-909-g0721f309d1 (webtiles) character file.

Game seed: 12424005191338520772

18 voltaire321 the Ducker (level 2, -2/24 HPs)
             Began as a Djinni Gladiator on Apr 8, 2021.
             Slain by a sky beast (5 damage)
             ... on level 2 of the Dungeon.
             The game lasted 00:02:28 (1461 turns).

voltaire321 the Ducker (Djinni Gladiator)           Turns: 1461, Time: 00:02:29

Health: -2/24      AC:  4    Str: 13    XL:     2   Next: 70%
Gold:   71         EV: 12    Int:  9    God:
                   SH:  3    Dex: 14

rFire    + + .     SeeInvis .   a - +0 long sword
rCold    x . .     Faith    .   k - +0 buckler
rNeg     . . .     Spirit   .   b - +0 leather armour
rPois    ∞         Reflect  .   c - +0 helmet
rElec    .         Harm     .   (no cloak)
rCorr    .         Rampage  .   (no gloves)
Will     .....                  (boots unavailable)
Stlth    +.........             (no amulet)
HPRegen  0.08/turn              (no ring)
MPRegen  0.00/turn              (no ring)

@: flying
A: fire resistance 2, cold vulnerability 1, float, innate caster, hp casting,
extra vitality 1
a: no special abilities


You were on level 2 of the Dungeon.
You visited 1 branch of the dungeon, and saw 2 of its levels.

You collected 71 gold pieces.

Inventory:

Hand Weapons
 a - a +0 long sword (weapon)
Missiles
 d - 3 throwing nets (quivered)
Armour
 b - a +0 leather armour (worn)
 c - a +0 helmet (worn)
 k - a +0 buckler (worn)
 l - a scarf of invisibility
Jewellery
 e - a ring of protection from cold
Scrolls
 h - a scroll of amnesia {unknown}
 j - a scroll of blinking {unknown}
Potions
 f - 2 potions of curing {unknown}
 g - a potion of might {unknown}
 i - a potion of brilliance {unknown}


   Skills:
 + Level 2.3 Fighting
 + Level 2.9 Long Blades
 - Level 1.5 Throwing
 + Level 0.9 Armour
 + Level 3.5 Dodging
 + Level 0.0 Shields


You had one spell level left.
You didn't know any spells.
Your spell library was empty.

Dungeon Overview and Level Annotations

Branches:
Dungeon (2/15)

Altars:


Innate Abilities, Weirdness & Mutations

You are immune to poison.
Your flesh is very heat resistant. (rF++)
You are vulnerable to cold. (rC-)
You float through the air rather than walking.
You learn spells naturally, not from books.
Your magical power is your life essence.
You have superior vitality. (+4 HP)


Message History

No target in view!
A sky beast comes into view.
Found 15 stones.
The sky beast flickers out of sight!
Deactivating autopickup; reactivate with Ctrl-A.
You see here a scarf of invisibility.
l - a scarf of invisibility You block something's attack.
A sky beast appears from thin air!
Reactivating autopickup.
You block the sky beast's attack.
You hit the sky beast.
The sky beast is moderately wounded.
The sky beast misses you.
You slash the sky beast!
The sky beast is heavily wounded.
The sky beast hits you. The sky beast shocks you.
Your leather armour prevents you from hitting the sky beast.
The sky beast is heavily wounded.
The sky beast hits you but does no damage.
You hit the sky beast.
The sky beast is heavily wounded.
The sky beast hits you. The sky beast shocks you.
* * * LOW HITPOINT WARNING * * *
The sky beast closely misses you.
You closely miss the sky beast.
The sky beast is heavily wounded.
The sky beast hits you but does no damage.
You closely miss the sky beast.
The sky beast is heavily wounded.
The sky beast hits you but does no damage. x2
You closely miss the sky beast.
The sky beast is heavily wounded.
The sky beast hits you but does no damage.
Your shield and leather armour prevent you from hitting the sky beast.
The sky beast is heavily wounded.
The sky beast hits you.
* * * LOW HITPOINT WARNING * * *
The sky beast shocks you.
You die...

..##########...####.........#.###
..# #....# #........###... ..#
#.##.# #.#.....## ##.# ### #.##.#
#.##...## #.# # #..... . ##'##
#.# # ####.## #.#######.# #.
#.........# ###.#######.######..#
#...@...##...#......#
#.#.Y.#.#..†.......##
###≈#.##...#.##..#
#.#.###........# #..........##.##
###.###.#### # #.# #.# #.# #.#
{.# #..


You could see a sky beast.

Vanquished Creatures
  A dart slug (D:1)
  4 bats
  A giant cockroach (D:1)
  A goblin (D:2)
  2 hobgoblins
  A quokka (D:1)
  A ball python (D:1)
  2 frilled lizards (D:1)
  2 rats (D:1)
15 creatures vanquished.

Vanquished Creatures (others)
  A demonic plant (D:1)
1 creature vanquished.

Grand Total: 16 creatures vanquished

Notes
Turn   | Place    | Note
-------+----------+-------------------------------------------
     0 | D:1      | voltaire321 the Djinni Gladiator began the quest for the
                  | Orb.
     0 | D:1      | Reached XP level 1. HP: 18/18 MP: 0/0
   532 | D:1      | Reached XP level 2. HP: 21/23 MP: 0/0
   687 | D:1      | Found a faded altar of an unknown god.
  1445 | D:2      | Noticed a sky beast
  1461 | D:2      | Slain by a sky beast

Illustrated notes

Levels and vault maps discovered:
D:1:      saegor_arrival_miasma, layout_basic,
          shapermc_ecumenical_altar_flowoftime, minmay_tetromino_s4
D:2:      layout_loops_corners, serial_shops, nicolae_shop_window_shopping

Action                   || total
-------------------------++-------
Melee: Long sword        ||    52
 Stab: Sleeping          ||     1
Armor: Leather armour    ||    26
Dodge: Dodged            ||    36
Block: Buckler           ||     3
       Rpst.: Long sword ||     7

Table legend: (Time is in decaauts)
 A = Elapsed time spent in this place.
 B = Non-inter-level travel time spent in this place.
 C = Inter-level travel time spent in this place.
 D = Time resting spent in this place.
 E = Time spent auto-exploring this place.
 F = Levels seen in this place.
 G = Mean time per level.
                   A        B        C        D        E       F      G
               +--------+--------+--------+--------+--------+-----+--------+
         Total |   1475 |   1434 |     41 |    171 |   1058 |   2 |  737.5 |
       Dungeon |   1475 |   1434 |     41 |    171 |   1058 |   2 |  737.5 |
               +--------+--------+--------+--------+--------+-----+--------+

Top non-repeatable levels by time:
     D:1: 1332 daAuts
     D:2: 143 daAuts
